AoeStats
← 苟或

Arabia

508805026Analyzed
1v1 RM · 7d ago on Sep 24, 2026· 46m 28s· 2 players
Game mode
Random Map
Map size
Tiny (2 player)
Population
200
Speed
Normal
Resources
Standard
Victory
Conquest
Starting age
Dark Age
Ending age
Imperial Age
RankedLock teamsTeams togetherTeam positionsShared explorationLock speedFull tech treeHidden civsTurbo modeCheats
Victory
Defeat
🇨🇦 Wei · Canada
1222
+15
🇧🇷 Britons · Brazil
1198
-15
T0P_Obelisk
6:42 Loom
9:18 Feudal Age
19:19 Fletching
23:56 Castle Age
22:27 Padded Archer Armor
23:21 Wheelbarrow
22:47 Double-Bit Axe
24:05 Crossbowman
24:58 Bow Saw
34:17 Ballistics
36:52 Leather Archer Armor
41:39 Town Watch
41:56 Scale Mail Armor
42:07 Forging
42:10 Pikeman
42:52 Squires
42:38 Arson
44:58 Chain Mail Armor
45:19 Iron Casting
苟或
5:54 Loom
9:09 Feudal Age
9:52 Double-Bit Axe
9:50 Horse Collar
15:56 Fletching
19:18 Castle Age
17:51 Padded Archer Armor
20:48 Bodkin Arrow
20:53 Elite Skirmisher
24:28 Bow Saw
24:59 Scale Barding Armor
26:26 Bloodlines
26:49 Chain Barding Armor
27:58 Wheelbarrow
30:45 Husbandry
31:25 Hand Cart
34:35 Heavy Plow
35:31 Ballistics
37:10 Thumb Ring
37:29 Gold Mining
37:46 Light Cavalry
38:25 Stone Mining
39:13 Gold Shaft Mining
41:48 Imperial Age
39:53 Thumb Ring
40:50 Careening
42:33 Forging
42:25 Scale Mail Armor
42:23 Heavy Hei Guang Cavalry
43:35 Ming Guang Armor
43:49 Conscription
45:13 Chemistry
44:55 Iron Casting
44:21 Bracer
44:26 Hussar
45:35 Tuntian
Connection lost

Rejoining the realm…

Still unreachable

The connection could not be restored.

Session expired

The server has moved on; the page needs a fresh start.